 Dungeon Crawl Stone Soup version 0.24-a0-280-g7cec4da (webtiles) character file.

Game seed: 16680143096564003123

350 spiderXprincessX the Cudgeler (level 6, -4/61 HPs)
             Began as a Troll Monk on May 10, 2019.
             Slain by an orc wizard
             ... wielding a +1 dagger of electrocution
              (17 damage)
             ... on level 4 of the Dungeon.
             The game lasted 00:19:35 (2779 turns).

spiderXprincessX the Cudgeler (Troll Monk)          Turns: 2779, Time: 00:19:36

Health: -4/61      AC:  6    Str: 20    XL:     6   Next: 34%
Magic:  1/1        EV: 11    Int:  8    God:
Gold:   153        SH:  0    Dex: 12    Spells: 5/5 levels left

rFire    . . .     SeeInvis .   A - +2 hand axe (antimagic)
rCold    + . .     Gourm    +   (no shield)
rNeg     . . .     Faith    .   r - +0 robe
rPois    .         Spirit   .   (helmet restricted)
rElec    .         Reflect  .   (no cloak)
rCorr    .         Harm     .   (gloves unavailable)
MR       .....     Rnd*Tele +   (boots unavailable)
Stlth    ++........             (no amulet)
HPRegen  0.60/turn              m - ring of protection from cold
MPRegen  0.07/turn              u - ring of teleportation (curse)

@: no status effects
A: large, unfitting armour, claws 3, fast metabolism 3, gourmand, regeneration
1, shaggy fur 1, tough skin 3
a: no special abilities


You were on level 4 of the Dungeon.
You were not hungry.

You visited 1 branch of the dungeon, and saw 4 of its levels.

You collected 153 gold pieces.

Inventory:

Hand Weapons
 a - a +0 mace
 f - a +0 spear
 i - a +0 club
 j - a +0 short sword
 l - a +0 club
 s - a +0 club
 t - a +0 dagger
 w - a +0 hand axe
 A - a +2 antimagic hand axe (weapon)
 C - a +0 short sword
 D - a +0 dagger
 H - a +0 scythe
 I - a cursed -1 club
 J - a +0 flail
 K - a cursed -1 short sword
 L - a +0 spear
 M - a +0 whip
Missiles
 e - 80 stones (quivered)
 h - 23 arrows
 F - 23 bolts
 N - 6 javelins
Armour
 b - a +0 robe
 r - a +0 robe (worn)
 x - a +0 ring mail
 B - a +0 scale mail
 E - a +0 leather armour
Jewellery
 m - a ring of protection from cold (left claw)
 u - a cursed ring of teleportation (right claw)
Wands
 y - a wand of digging (7)
Scrolls
 d - a scroll of teleportation {unknown}
 g - 2 scrolls of fear {unknown}
 k - 3 scrolls of identify {unknown}
 n - 2 scrolls of amnesia {unknown}
 p - 2 scrolls of magic mapping {unknown}
 v - a scroll of blinking {unknown}
 G - a scroll of immolation {unknown}
Potions
 o - a potion of curing
 q - a potion of degeneration {unknown}
 z - a potion of lignification {unknown}
Comestibles
 c - 7 rations


   Skills:
 + Level 3.4 Fighting
 + Level 2.8(3.5) Axes
 + Level 3.6(4.2) Maces & Flails
 + Level 3.5 Dodging
 + Level 1.3 Stealth


You had 5 spell levels left.
You didn't know any spells.
Your spell library was empty.

Dungeon Overview and Level Annotations

Branches:
Dungeon (4/15)
 Temple: D:4-7

Altars:


Innate Abilities, Weirdness & Mutations

You are too large for most types of armour.
You have claws for hands.
Your metabolism is lightning-fast.
You like to eat raw meat.
Your natural rate of healing is unusually fast.
You are covered in fur. (AC +1)
You have extremely tough skin. (AC +3)


Message History

The orc wizard is heavily wounded.
You hit the orc. x2; You closely miss the orc wizard.
You hit the orc wizard.
The orc wizard's magic leaks into the air.
The orc wizard hits you but does no damage.
The orc misses you. The orc closely misses you. The orc wizard misses you.
The orc wizard barely misses you. x2
Unknown command.
Unknown command.
Unknown command.
You hit the orc wizard.
The orc wizard's magic leaks into the air.
The orc wizard is severely wounded.
You hit the orc.
You kill the orc!
You closely miss the orc. You barely miss the orc wizard.
You hit the orc wizard but do no damage.
The orc hits you but does no damage. The orc wizard closely misses you. x2
The orc wizard hits you but does no damage.
You are electrocuted!
You die...

...... ...... ≈P..
..... ≈P.. ....
≈PP.. #.. ≈....
#.## ...... .##
#..####......
.....#.o@o........
.......)oo........
........#.........
.......##.........
....... #.........
#.....$ #.........
....... #.......##
..##... ........#
.. .... ........#


You could see 3 orc wizards and an orc.

Vanquished Creatures
  Sigmund (D:3)
  Jessica (D:2)
  Terence (D:2)
  A worker ant (D:4)
  4 adders (D:3)
  3 worms
  2 dart slugs (D:1)
  2 leopard geckos
  3 orcs
  5 bats
  5 giant cockroaches
  A goblin (D:1)
  6 hobgoblins
  9 jackals
  2 quokkas
  A ball python (D:1)
  2 frilled lizards
  9 kobolds
  5 rats
63 creatures vanquished.

Notes
Turn   | Place    | Note
-------+----------+-------------------------------------------
     0 | D:1      | spiderXprincessX the Troll Monk began the quest for the
                  | Orb.
     0 | D:1      | Reached XP level 1. HP: 22/22 MP: 0/0
   201 | D:1      | Reached XP level 2. HP: 22/29 MP: 1/1
  1010 | D:2      | Noticed Jessica
  1031 | D:2      | Killed Jessica
  1031 | D:2      | Reached XP level 3. HP: 4/36 MP: 2/2
  1254 | D:2      | Noticed Terence
  1285 | D:2      | Killed Terence
  1285 | D:2      | Reached XP level 4. HP: 18/44 MP: 1/3
  1638 | D:3      | Noticed Sigmund
  1648 | D:3      | Killed Sigmund
  1648 | D:3      | Reached XP level 5. HP: 11/53 MP: 1/4
  1811 | D:3      | Reached XP level 6. HP: 61/61 MP: 1/5
  2779 | D:4      | Slain by an orc wizard

Levels and vault maps discovered:
D:1:      evilmike_arrival_home_sweet_home, layout_loops_ring
D:2:      layout_loops_cross, kennysheep_okawaru_gauntlet, first_ration,
          uniq_jessica, uniq_terence
D:3:      layout_loops_ring, serial_glass, glass_columns_c, glass_columns_a,
          uniq_sigmund
D:4:      layout_cave_pools, serial_bayou, serial_bayou_lake_a,
          serial_bayou_pond_e, serial_bayou_lagoon_a, serial_bayou_pond_d

Skill      XL: |  1  2  3  4 |
---------------+-------------+-----
Maces & Flails | 3 |  3.6
Dodging        | 3 |  3.5
Fighting       | 3 |  3.4
Axes           | 2 |  2.8
Stealth        | |  1.3

Action                   |  1- 3 |  4- 6 || total
-------------------------+-------+-------++-------
Melee: Mace              |    57 |       ||    57
       Hand axe          |    34 |   152 ||   186
 Stab: Sleeping          |     1 |     1 ||     2
  Eat: Chunk             |    11 |    15 ||    26
Armor: Robe              |    47 |    74 ||   121
Dodge: Dodged            |    77 |   140 ||   217

Table legend:
 A = Non-vault XP
 B = Vault XP
 C = Vault XP percentage of total XP
 D = Non-vault monster count
 E = Vault monster count
 F = Vault count percentage of total count
                 A         B        C        D         E       F
            +---------+---------+-------+---------+---------+-------
      Total |     201 |     300 |  59.9 |      60 |       3 |   4.8
            +---------+---------+-------+---------+---------+-------
        D:1 |      37 |       0 |   0.0 |      20 |       0 |   0.0
        D:2 |      18 |      73 |  80.2 |       9 |       2 |  18.2
        D:3 |     104 |     227 |  68.6 |      27 |       1 |   3.6
        D:4 |      42 |       0 |   0.0 |       4 |       0 |   0.0
            +---------+---------+-------+---------+---------+-------
